[Event "3rd FIDE WCCC Blitz G10 2019"]
[Site "Minsk"]
[Date "2019.08.18"]
[Round "1.1"]
[White "Basova, Polina"]
[Black "Orlova, Olga"]
[Result "1-0"]
[ECO "C45"]
[WhiteElo "1610"]
[BlackElo "1221"]
[Annotator "NA"]
[PlyCount "47"]
[EventDate "2019.08.18"]
[EventType "swiss"]
[EventCountry "BLR"]
[SourceTitle "playchess.com"]
[Source "ChessBase"]
[SourceQuality "1"]
[TimeControl "300+2"]

1. e4 e5 2. Nf3 Nc6 3. d4 exd4 4. Nxd4 Nf6 5. Nxc6 bxc6 6. e5 Nd5 7. c4 Bb4+ 8. Bd2 Bxd2+ 9. Nxd2 Nb6 10. Bd3 Bb7 11. Qg4 O-O 12. Ne4 Re8 13. Qg3 Ba6 14. O-O Bxc4 15. Nf6+ Kh8 16. Nxe8 Qxe8 17. Bxc4 Nxc4 18. Qc3 Qe6 19. b3 Nb6 20. Rfd1 Nd5 21. Qb2 Re8 22. Re1 Nf4 23. Re4 Nd3 24. Qd4 1-0

[Event "3rd FIDE WCCC Blitz G10 2019"]
[Site "Minsk"]
[Date "2019.08.18"]
[Round "1.2"]
[White "Loviagina, Dariana"]
[Black "Dzhalalian, Nelli"]
[Result "1-0"]
[ECO "A05"]
[WhiteElo "1421"]
[BlackElo "1727"]
[Annotator "NA"]
[PlyCount "64"]
[EventDate "2019.08.18"]
[EventType "swiss"]
[EventCountry "BLR"]
[SourceTitle "playchess.com"]
[Source "ChessBase"]
[SourceQuality "1"]
[TimeControl "300+2"]

1. Nf3 Nf6 2. b3 b6 3. Bb2 Bb7 4. g3 g6 5. Bg2 Bg7 6. O-O O-O 7. d3 d6 8. Nbd2 Nbd7 9. e4 e5 10. Qe2 Qe7 11. Kh1 Rfe8 12. Rae1 Ba6 13. Ng1 Nf8 14. Nh3 h6 15. f4 N8h7 16. fxe5 dxe5 17. Nf3 Bc8 18. Bxe5 Ng4 19. Bxg7 Kxg7 20. Nf4 Kg8 21. Nd5 Qd7 22. Qd2 c6 23. Ne3 Ngf6 24. Nc4 g5 25. Nfe5 Qc7 26. Nf3 Bg4 27. e5 Bxf3 28. Rxf3 Nd7 29. d4 b5 30. Nd6 Re7 31. Ref1 Rf8 32. Qf2 Nb8 1-0

[Event "3rd FIDE WCCC Blitz G10 2019"]
[Site "Minsk"]
[Date "2019.08.18"]
[Round "1.3"]
[White "Efimova, Darya"]
[Black "Shenker, Angelina"]
[Result "0-1"]
[ECO "B13"]
[WhiteElo "1385"]
[BlackElo "1403"]
[Annotator "NA"]
[PlyCount "64"]
[EventDate "2019.08.18"]
[EventType "swiss"]
[EventCountry "BLR"]
[SourceTitle "playchess.com"]
[Source "ChessBase"]
[SourceQuality "1"]
[TimeControl "300+2"]

1. e4 c6 2. d4 d5 3. exd5 cxd5 4. c4 Nf6 5. Nc3 Nc6 6. Nf3 Bg4 7. Bg5 Bxf3 8. gxf3 e6 9. a3 Be7 10. Rg1 dxc4 11. Bxc4 Qxd4 12. Qxd4 Nxd4 13. O-O-O Nxf3 14. Bb5+ Kf8 15. Rg2 Nxg5 16. Rxg5 Nd5 17. Rg3 Nxc3 18. Rxc3 g6 19. Rc7 Bg5+ 20. Kb1 Rd8 21. Rg1 Bf4 22. Rxb7 Bxh2 23. Rh1 Be5 24. Rxa7 Kg7 25. Rc1 Rd2 26. Rc2 Rd1+ 27. Ka2 Rdd8 28. Rcc7 Rhf8 29. Rcb7 Rb8 30. Bc6 Rxb7 31. Rxb7 Rd8 32. Rb3 Rd2 {time} 0-1

[Event "3rd FIDE WCCC Blitz G10 2019"]
[Site "Minsk"]
[Date "2019.08.18"]
[Round "1.4"]
[White "Goriachkina, Oksana"]
[Black "Zavezion, Nika"]
[Result "1/2-1/2"]
[ECO "D11"]
[WhiteElo "1411"]
[BlackElo "1648"]
[Annotator "NA"]
[PlyCount "188"]
[EventDate "2019.08.18"]
[EventType "swiss"]
[EventCountry "BLR"]
[SourceTitle "playchess.com"]
[Source "ChessBase"]
[SourceQuality "1"]
[TimeControl "300+2"]

1. d4 d5 2. c4 c6 3. e3 Nf6 4. Nf3 Bg4 5. Be2 Nbd7 6. Nc3 e6 7. O-O Bb4 8. h3 Bxf3 9. Bxf3 dxc4 10. Qa4 Bxc3 11. bxc3 Nb6 12. Qa3 Nfd5 13. Rb1 h6 14. Bd2 Qc7 15. e4 Nf6 16. g3 Nbd7 17. Bf4 Qc8 18. Qb2 b5 19. a4 a6 20. axb5 cxb5 21. e5 Nd5 22. Bd2 O-O 23. Ra1 Rb8 24. Ra2 N7b6 25. Rfa1 Na4 26. Qc1 Qc7 27. Bd1 Ndb6 28. Kg2 Qc6+ 29. Bf3 Qc7 30. Bd1 Qc6+ 31. Bf3 Qd7 32. Bd1 Rfc8 33. Bf3 a5 34. Bd1 Qb7+ 35. Bf3 Qa7 36. Bd1 Qb7+ 37. Bf3 Qa6 38. Bd1 Kh8 39. Kh2 Qb7 40. Kg1 Qe4 41. Qc2 Qxc2 42. Bxc2 Kg8 43. Kg2 Kh8 44. Kg1 Kg8 45. Kg2 Kf8 46. Kg1 Ke7 47. Kf1 f6 48. exf6+ Kxf6 49. Ke2 g5 50. f4 gxf4 51. gxf4 Rb7 52. Rg1 Rf8 53. Kf3 Rbf7 54. Ke2 Ke7 55. Rg4 Nd5 56. Bxa4 bxa4 57. Rxa4 Nxf4+ 58. Bxf4 Rxf4 59. Rxf4 Rxf4 60. Rxc4 Rh4 61. Rc7+ Kf6 62. Ra7 Rxh3 63. c4 Rh2+ 64. Ke3 Rh3+ 65. Ke4 Rh4+ 66. Kf3 Rxd4 67. c5 Rc4 68. Rxa5 h5 69. Kg3 h4+ 70. Kh3 e5 71. Ra6+ Kf5 72. c6 Kg5 73. Ra5 Rc3+ 74. Kh2 Kf4 75. Ra4+ e4 76. c7 Rxc7 77. Kh3 Rh7 78. Rb4 Kf3 79. Rb3+ e3 80. Rb8 e2 81. Rf8+ Ke3 82. Re8+ Kd2 83. Rd8+ Ke1 84. Re8 Rh5 85. Re4 Rh6 86. Re7 Rh5 87. Re8 Ra5 88. Kxh4 Ra4+ 89. Kg3 Kd2 90. Rd8+ Ke3 91. Re8+ Re4 92. Rxe4+ Kxe4 93. Kf2 Kd3 94. Ke1 Ke3 1/2-1/2

[Event "3rd FIDE WCCC Blitz G10 2019"]
[Site "Minsk"]
[Date "2019.08.18"]
[Round "1.5"]
[White "Shukhman, Anna"]
[Black "Lyutsinger, Iren"]
[Result "1-0"]
[ECO "B76"]
[WhiteElo "1806"]
[BlackElo "1160"]
[Annotator "NA"]
[PlyCount "44"]
[EventDate "2019.08.18"]
[EventType "swiss"]
[EventCountry "BLR"]
[SourceTitle "playchess.com"]
[Source "ChessBase"]
[SourceQuality "1"]
[TimeControl "300+2"]

1. e4 c5 2. Nf3 d6 3. d4 cxd4 4. Nxd4 Nf6 5. Nc3 g6 6. Be3 Bg7 7. f3 O-O 8. Qd2 Nc6 9. g4 Nxd4 10. Bxd4 d5 11. exd5 Nxd5 12. Bxg7 Kxg7 13. Qxd5 Qc7 14. O-O-O Be6 15. Qd4+ Kg8 16. Be2 Rfd8 17. Qe3 Kg7 18. h4 Rac8 19. h5 a6 20. hxg6 Rxd1+ 21. Bxd1 Qf4 22. Qxf4 Rc7 1-0

[Event "3rd FIDE WCCC Blitz G10 2019"]
[Site "Minsk"]
[Date "2019.08.18"]
[Round "1.6"]
[White "Karpenkava, Palina"]
[Black "Nurgaliyeva, Zarina"]
[Result "0-1"]
[ECO "A45"]
[WhiteElo "1140"]
[BlackElo "1474"]
[Annotator "NA"]
[PlyCount "62"]
[EventDate "2019.08.18"]
[EventType "swiss"]
[EventCountry "BLR"]
[SourceTitle "playchess.com"]
[Source "ChessBase"]
[SourceQuality "1"]
[TimeControl "300+2"]

1. d4 Nf6 2. Bg5 d5 3. Nd2 Bf5 4. e3 Nbd7 5. Ngf3 e6 6. a3 Be7 7. c4 c6 8. Be2 O-O 9. O-O Ne4 10. Bxe7 Qxe7 11. Nxe4 Bxe4 12. Rc1 Nf6 13. Bd3 Bxd3 14. Qxd3 Rfd8 15. Ne5 Rac8 16. c5 Ne8 17. Rc2 f6 18. Nf3 e5 19. Qe2 Nc7 20. Rfc1 Re8 21. Kf1 Qd7 22. h3 Re7 23. Qd2 Rce8 24. Rc3 e4 25. Nh2 f5 26. Kg1 Ne6 27. g3 Ng5 28. Kg2 f4 29. gxf4 Qxh3+ 30. Kh1 Nf3 31. Rg1 Qxh2# 0-1

[Event "3rd FIDE WCCC Blitz G10 2019"]
[Site "Minsk"]
[Date "2019.08.18"]
[Round "2.1"]
[White "Huynh, Phuc Minh Phuong"]
[Black "Basova, Polina"]
[Result "1-0"]
[ECO "C47"]
[WhiteElo "1254"]
[BlackElo "1610"]
[Annotator "NA"]
[PlyCount "145"]
[EventDate "2019.08.18"]
[EventType "swiss"]
[EventCountry "BLR"]
[SourceTitle "playchess.com"]
[Source "ChessBase"]
[SourceQuality "1"]
[TimeControl "300+2"]

1. e4 e5 2. Nf3 Nf6 3. Nc3 Nc6 4. Bc4 Nxe4 5. Nxe4 d5 6. Nc3 dxc4 7. Qe2 Nd4 8. Qxe5+ Ne6 9. Qe2 Be7 10. Qxc4 O-O 11. O-O Ng5 12. Nxg5 Bxg5 13. d3 Be6 14. Bxg5 Qxg5 15. Qxc7 Bd5 16. Qg3 Qf5 17. Rfe1 Rfe8 18. Rad1 Re6 19. Nxd5 Qxd5 20. Rxe6 Qxe6 21. a3 Qe2 22. Rc1 Qd2 23. Qe3 Qxe3 24. fxe3 Re8 25. Kf2 f5 26. c4 Kf7 27. b4 Kf6 28. d4 Re4 29. c5 f4 30. exf4 Rxd4 31. Ke3 Rd7 32. c6 Re7+ 33. Kf3 bxc6 34. Rxc6+ Kf7 35. b5 Rb7 36. a4 Ke7 37. Ke4 Kd7 38. g4 Ke7 39. Ke5 Kd7 40. f5 Ke7 41. g5 Kf7 42. h4 Ke7 43. h5 Kf7 44. Kd6 h6 45. gxh6 gxh6 46. Rc7+ Rxc7 47. Kxc7 Kf6 48. Kb7 Kxf5 49. Kxa7 Kg5 50. b6 Kxh5 51. b7 Kg4 52. b8=Q h5 53. Qh2 h4 54. Kb7 h3 55. a5 Kh4 56. a6 Kg4 57. Qxh3+ Kxh3 58. a7 Kg4 59. a8=Q Kf5 60. Kb6 Ke6 61. Kc5 Kd7 62. Qb7+ Ke6 63. Qd5+ Ke7 64. Qd6+ Kf7 65. Qe5 Kg6 66. Qf4 Kh5 67. Qg3 Kh6 68. Qg4 Kh7 69. Qg5 Kh8 70. Kd6 Kh7 71. Ke7 Kh8 72. Kf7 Kh7 73. Qg7# 1-0

[Event "3rd FIDE WCCC Blitz G10 2019"]
[Site "Minsk"]
[Date "2019.08.18"]
[Round "2.2"]
[White "Tsareva, Darya"]
[Black "Shukhman, Anna"]
[Result "0-1"]
[ECO "B43"]
[WhiteElo "1177"]
[BlackElo "1806"]
[Annotator "NA"]
[PlyCount "102"]
[EventDate "2019.08.18"]
[EventType "swiss"]
[EventCountry "BLR"]
[SourceTitle "playchess.com"]
[Source "ChessBase"]
[SourceQuality "1"]
[TimeControl "300+2"]

1. e4 c5 2. Nf3 e6 3. d4 cxd4 4. Nxd4 a6 5. Nc3 Qc7 6. Be3 Nf6 7. f3 Bb4 8. Qd2 d5 9. exd5 Nxd5 10. Nde2 O-O 11. O-O-O Nc6 12. a3 Ba5 13. Kb1 Rd8 14. Nxd5 Rxd5 15. Qc1 Rxd1 16. Qxd1 e5 17. Bd2 Be6 18. Bxa5 Qxa5 19. Nc3 Rd8 20. Qe1 b5 21. Bd3 b4 22. Ne4 Qb6 23. a4 b3 24. cxb3 Rxd3 25. Qe2 Rxb3 26. Rd1 Nd4 27. Qd2 h6 28. Nc3 Rb4 29. Ne4 Rxa4 30. Nc3 Rb4 31. h3 Qa5 32. g4 Nb3 33. Qd8+ Qxd8 34. Rxd8+ Kh7 35. h4 Nd4 36. Ra8 Rb6 37. f4 exf4 38. Ne4 Bxg4 39. Nf2 Bf5+ 40. Ka1 Re6 41. Ka2 Re2 42. Nd1 f3 43. Rxa6 f2 44. Nxf2 Rxf2 45. Ka3 Rf3+ 46. Ka4 g5 47. hxg5 hxg5 48. b4 Bd7+ 49. Ka5 Ra3+ 50. Kb6 Rxa6+ 51. Kxa6 g4 0-1

[Event "3rd FIDE WCCC Blitz G10 2019"]
[Site "Minsk"]
[Date "2019.08.18"]
[Round "2.3"]
[White "Nurgaliyeva, Zarina"]
[Black "Dolinskaya, Mariia"]
[Result "1-0"]
[ECO "C00"]
[WhiteElo "1474"]
[BlackElo "1460"]
[Annotator "NA"]
[PlyCount "37"]
[EventDate "2019.08.18"]
[EventType "swiss"]
[EventCountry "BLR"]
[SourceTitle "playchess.com"]
[Source "ChessBase"]
[SourceQuality "1"]
[TimeControl "300+2"]

1. e4 e6 2. d4 d5 3. Bd3 Nf6 4. e5 Nfd7 5. Nf3 c5 6. c3 Nc6 7. O-O Qb6 8. Bc2 Be7 9. Re1 O-O 10. dxc5 Bxc5 11. Bxh7+ Kh8 12. Bc2 Bxf2+ 13. Kh1 Bxe1 14. Qxe1 g6 15. Qh4+ Kg7 16. Qh6+ Kg8 17. Ng5 Re8 18. Qh7+ Kf8 19. Qxf7# 1-0

[Event "3rd FIDE WCCC Blitz G10 2019"]
[Site "Minsk"]
[Date "2019.08.18"]
[Round "2.4"]
[White "Mai, Hieu Linh"]
[Black "Mutina, Sofia"]
[Result "1-0"]
[ECO "B17"]
[WhiteElo "1344"]
[BlackElo "1421"]
[Annotator "NA"]
[PlyCount "43"]
[EventDate "2019.08.18"]
[EventType "swiss"]
[EventCountry "BLR"]
[SourceTitle "playchess.com"]
[Source "ChessBase"]
[SourceQuality "1"]
[TimeControl "300+2"]

1. e4 c6 2. d4 d5 3. Nc3 dxe4 4. Nxe4 Nd7 5. Nf3 Ngf6 6. Ng3 e6 7. Bd3 Bd6 8. O-O O-O 9. b3 Nb6 10. Bb2 Nbd5 11. c4 Nf4 12. Bc2 b6 13. Qd2 Ba6 14. Rad1 Qe7 15. Rfe1 Bb4 16. Qxf4 Bxe1 17. Rxe1 Rad8 18. Nf5 Qd7 19. Nxg7 Qe7 20. Nf5 Qd7 21. Qg5+ Kh8 22. Qg7# 1-0

[Event "3rd FIDE WCCC Blitz G10 2019"]
[Site "Minsk"]
[Date "2019.08.18"]
[Round "2.5"]
[White "Sidorenja, Milena"]
[Black "Kayumova, Karina"]
[Result "1-0"]
[ECO "C44"]
[WhiteElo "1573"]
[BlackElo "1085"]
[Annotator "NA"]
[PlyCount "93"]
[EventDate "2019.08.18"]
[EventType "swiss"]
[EventCountry "BLR"]
[SourceTitle "playchess.com"]
[Source "ChessBase"]
[SourceQuality "1"]
[TimeControl "300+2"]

1. e4 e5 2. Nf3 Nc6 3. d4 exd4 4. c3 dxc3 5. Nxc3 Bb4 6. Bc4 d6 7. O-O Nge7 8. Nd5 Bc5 9. Bg5 O-O 10. h3 h6 11. Bh4 Be6 12. Re1 Qd7 13. Qd2 Bxd5 14. exd5 Nf5 15. dxc6 Qxc6 16. Qc2 Nd4 17. Nxd4 Bxd4 18. Rad1 Bxb2 19. Bxf7+ Rxf7 20. Qxb2 Rff8 21. Re7 Rf7 22. Rde1 Raf8 23. Qb3 g5 24. Rxf7 Rxf7 25. Re7 Qc1+ 26. Kh2 Qf4+ 27. Bg3 Qf6 28. Rxc7 Kf8 29. Rxf7+ Qxf7 30. Bxd6+ Kg7 31. Qxf7+ Kxf7 32. Bc5 a6 33. Kg3 Kg6 34. Be3 b5 35. Bd2 Kf5 36. f3 h5 37. h4 gxh4+ 38. Kxh4 Kg6 39. g4 hxg4 40. fxg4 Kg7 41. Kg5 Kh7 42. Kf6 Kh8 43. g5 Kg8 44. g6 Kf8 45. Bb4+ Kg8 46. g7 Kh7 47. Kf7 1-0

[Event "3rd FIDE WCCC Blitz G10 2019"]
[Site "Minsk"]
[Date "2019.08.18"]
[Round "2.6"]
[White "Wojs, Alicja"]
[Black "Satanovskaia, Evgeniia"]
[Result "0-1"]
[ECO "C02"]
[WhiteElo "1228"]
[BlackElo "1399"]
[Annotator "NA"]
[PlyCount "140"]
[EventDate "2019.08.18"]
[EventType "swiss"]
[EventCountry "BLR"]
[SourceTitle "playchess.com"]
[Source "ChessBase"]
[SourceQuality "1"]
[TimeControl "300+2"]

1. e4 e6 2. d4 d5 3. e5 c5 4. c3 Qb6 5. Nf3 Bd7 6. a3 cxd4 7. cxd4 Bb5 8. Bxb5+ Qxb5 9. b4 Ne7 10. Nc3 Qd7 11. O-O Nbc6 12. Be3 Nf5 13. Na4 b6 14. Rc1 Be7 15. Nc3 O-O 16. Qd2 Rac8 17. Rfd1 Qb7 18. Qb2 Nb8 19. Ne2 Nd7 20. Rxc8 Rxc8 21. Rc1 b5 22. Nc3 a6 23. Ne2 Nb6 24. Qb3 Nc4 25. Nd2 Nfxe3 26. Nxc4 Nxc4 27. Nc3 Nb6 28. Qb2 h6 29. Qd2 Na4 30. Nxa4 Rxc1+ 31. Qxc1 bxa4 32. h3 Kf8 33. Qc3 Ke8 34. Qg3 g6 35. Qc3 Kd7 36. f4 Qc6 37. Qe3 Qc4 38. Kf2 Bd8 39. Ke1 Bb6 40. Qf3 Bxd4 41. Kd2 Qa2+ 42. Ke1 Qa1+ 43. Kd2 Qb2+ 44. Kd1 Qb3+ 45. Qxb3 axb3 46. Kc1 Kc6 47. g3 Bf2 48. g4 Be3+ 49. Kb2 Bxf4 50. Kxb3 Bxe5 51. a4 f5 52. gxf5 exf5 53. Kc2 f4 54. Kd2 d4 55. Ke2 Kd5 56. Kd3 f3 57. h4 f2 58. Ke2 Bg3 59. h5 gxh5 60. b5 axb5 61. axb5 d3+ 62. Kf1 d2 63. Ke2 d1=Q+ 64. Kxd1 f1=Q+ 65. Kc2 Qc4+ 66. Kd2 Bf4+ 67. Ke1 Qc2 68. Kf1 Bg3 69. Kg1 Qf2+ 70. Kh1 Qh2# 0-1

[Event "3rd FIDE WCCC Blitz G10 2019"]
[Site "Minsk"]
[Date "2019.08.18"]
[Round "3.1"]
[White "Shukhman, Anna"]
[Black "Kulygina, Uliyana"]
[Result "*"]
[ECO "B11"]
[WhiteElo "1806"]
[BlackElo "1358"]
[Annotator "NA"]
[PlyCount "33"]
[EventDate "2019.08.18"]
[EventType "swiss"]
[EventCountry "BLR"]
[SourceTitle "playchess.com"]
[Source "ChessBase"]
[SourceQuality "1"]
[TimeControl "300+2"]

1. e4 c6 2. Nc3 d5 3. Nf3 Bg4 4. h3 Bxf3 5. Qxf3 e6 6. d3 Nf6 7. Bd2 Be7 8. g4 Nbd7 9. g5 Ne5 10. Qg3 Nfd7 11. f4 Ng6 12. O-O-O Qc7 13. h4 O-O-O 14. h5 Ngf8 15. exd5 exd5 16. Bh3 f6 17. Rde1 *

[Event "3rd FIDE WCCC Blitz G10 2019"]
[Site "Minsk"]
[Date "2019.08.18"]
[Round "3.2"]
[White "Zavivaeva, Evelina"]
[Black "Nurgaliyeva, Zarina"]
[Result "*"]
[ECO "C54"]
[WhiteElo "1302"]
[BlackElo "1474"]
[Annotator "NA"]
[PlyCount "27"]
[EventDate "2019.08.18"]
[EventType "swiss"]
[EventCountry "BLR"]
[SourceTitle "playchess.com"]
[Source "ChessBase"]
[SourceQuality "1"]
[TimeControl "300+2"]

1. e4 e5 2. Nf3 Nc6 3. Bc4 Bc5 4. c3 Nf6 5. d3 h6 6. Nbd2 d6 7. Bb3 O-O 8. h3 Re8 9. Nf1 Be6 10. Bc2 d5 11. Ng3 Bf8 12. O-O Qd7 13. Be3 Rad8 14. Qe2 *

[Event "3rd FIDE WCCC Blitz G10 2019"]
[Site "Minsk"]
[Date "2019.08.18"]
[Round "3.3"]
[White "Bendik, Margarita"]
[Black "Sidorenja, Milena"]
[Result "*"]
[ECO "B01"]
[WhiteElo "1188"]
[BlackElo "1573"]
[Annotator "NA"]
[PlyCount "26"]
[EventDate "2019.08.18"]
[EventType "swiss"]
[EventCountry "BLR"]
[SourceTitle "playchess.com"]
[Source "ChessBase"]
[SourceQuality "1"]
[TimeControl "300+2"]

1. e4 d5 2. exd5 Qxd5 3. Nc3 Qa5 4. d4 Nf6 5. Nf3 Bg4 6. Be2 Nc6 7. O-O O-O-O 8. Be3 e5 9. d5 Nxd5 10. Nxd5 Rxd5 11. Qc1 Bc5 12. Bxc5 Qxc5 13. c4 Rdd8 *

[Event "3rd FIDE WCCC Blitz G10 2019"]
[Site "Minsk"]
[Date "2019.08.18"]
[Round "3.4"]
[White "Satanovskaia, Evgeniia"]
[Black "Huynh, Phuc Minh Phuong"]
[Result "*"]
[ECO "D45"]
[WhiteElo "1399"]
[BlackElo "1254"]
[Annotator "NA"]
[PlyCount "36"]
[EventDate "2019.08.18"]
[EventType "swiss"]
[EventCountry "BLR"]
[SourceTitle "playchess.com"]
[Source "ChessBase"]
[SourceQuality "1"]
[TimeControl "300+2"]

1. d4 d5 2. c4 c6 3. e3 Nf6 4. Nc3 e6 5. Nf3 Nbd7 6. Qc2 Be7 7. b3 O-O 8. Be2 h6 9. O-O b6 10. Bb2 Bb7 11. e4 dxe4 12. Nxe4 c5 13. Nxf6+ Nxf6 14. dxc5 Bxc5 15. Ne5 Qc7 16. Bf3 Bxf3 17. Nxf3 Qf4 18. Be5 Qe4 *

[Event "3rd FIDE WCCC Blitz G10 2019"]
[Site "Minsk"]
[Date "2019.08.18"]
[Round "3.5"]
[White "Khamdamova, Afruza"]
[Black "Mai, Hieu Linh"]
[Result "*"]
[ECO "C77"]
[WhiteElo "1607"]
[BlackElo "1344"]
[Annotator "NA"]
[PlyCount "34"]
[EventDate "2019.08.18"]
[EventType "swiss"]
[EventCountry "BLR"]
[SourceTitle "playchess.com"]
[Source "ChessBase"]
[SourceQuality "1"]
[TimeControl "300+2"]

1. e4 e5 2. Nf3 Nc6 3. Bb5 a6 4. Ba4 Nf6 5. d3 b5 6. Bb3 Bc5 7. Nc3 d6 8. Nd5 h6 9. c3 O-O 10. O-O Bg4 11. h3 Bh5 12. Nxf6+ Qxf6 13. Bd5 Ne7 14. Bxa8 Rxa8 15. Be3 Bb6 16. Bxb6 cxb6 17. Qe2 Qg6 *

[Event "3rd FIDE WCCC Blitz G10 2019"]
[Site "Minsk"]
[Date "2019.08.18"]
[Round "3.6"]
[White "Loviagina, Dariana"]
[Black "Smietanska, Wiktoria"]
[Result "*"]
[ECO "A06"]
[WhiteElo "1421"]
[BlackElo "1594"]
[Annotator "NA"]
[PlyCount "29"]
[EventDate "2019.08.18"]
[EventType "swiss"]
[EventCountry "BLR"]
[SourceTitle "playchess.com"]
[Source "ChessBase"]
[SourceQuality "1"]
[TimeControl "300+2"]

1. Nf3 d5 2. b3 c5 3. e3 Nc6 4. Bb2 a6 5. d4 cxd4 6. exd4 Nf6 7. a4 Bg4 8. g3 e6 9. Bg2 Be7 10. O-O O-O 11. Nbd2 Ne4 12. Re1 Nxd2 13. Qxd2 Bf6 14. Ne5 Bf5 15. f4 *

[Event "3rd FIDE WCCC Blitz G10 2019"]
[Site "Minsk"]
[Date "2019.08.18"]
[Round "4.1"]
[White "Mizerova, Yana"]
[Black "Shukhman, Anna"]
[Result "0-1"]
[ECO "A45"]
[WhiteElo "1451"]
[BlackElo "1806"]
[Annotator "NA"]
[PlyCount "54"]
[EventDate "2019.08.18"]
[EventType "swiss"]
[EventCountry "BLR"]
[SourceTitle "playchess.com"]
[Source "ChessBase"]
[SourceQuality "1"]
[TimeControl "300+2"]

1. d4 Nf6 2. Bg5 Ne4 3. Bh4 g5 4. Bg3 h5 5. f3 Nxg3 6. hxg3 d5 7. e3 Bg7 8. Bd3 c5 9. c3 Nc6 10. dxc5 Qa5 11. Ne2 Qxc5 12. Qd2 Be6 13. Nd4 O-O-O 14. Nxe6 fxe6 15. Bg6 h4 16. gxh4 gxh4 17. Na3 Bh6 18. Nc2 e5 19. Rxh4 Bxe3 20. Qxe3 Qxe3+ 21. Nxe3 Rxh4 22. O-O-O d4 23. cxd4 exd4 24. Nf5 Rh2 25. g4 d3 26. Ne3 d2+ 27. Kc2 Nd4+ 0-1

[Event "3rd FIDE WCCC Blitz G10 2019"]
[Site "Minsk"]
[Date "2019.08.18"]
[Round "4.2"]
[White "Nurgaliyeva, Zarina"]
[Black "Zubkovskaya, Ekaterina"]
[Result "1-0"]
[ECO "C49"]
[WhiteElo "1474"]
[BlackElo "1363"]
[Annotator "NA"]
[PlyCount "99"]
[EventDate "2019.08.18"]
[EventType "swiss"]
[EventCountry "BLR"]
[SourceTitle "playchess.com"]
[Source "ChessBase"]
[SourceQuality "1"]
[TimeControl "300+2"]

1. e4 e5 2. Nf3 Nc6 3. Nc3 Nf6 4. Bb5 Bb4 5. O-O O-O 6. d3 a6 7. Bxc6 dxc6 8. Nxe5 Bd6 9. Nf3 Bg4 10. h3 Bh5 11. Bg5 h6 12. Bh4 Be7 13. Bxf6 Bxf6 14. g4 Bg6 15. Nd2 b5 16. a3 Rb8 17. Nb3 Re8 18. f4 Bd4+ 19. Kg2 f6 20. Qf3 Bb6 21. Rae1 a5 22. Nd1 Bf7 23. Nc1 Qd7 24. Ne2 Qe7 25. Nf2 Rbd8 26. Ng3 Qd7 27. Re2 Rc8 28. Rfe1 Rcd8 29. Nfh1 g6 30. h4 Rf8 31. h5 g5 32. Nf5 Kh7 33. Nhg3 Rg8 34. Rh1 Be6 35. Kh2 gxf4 36. Qxf4 Bxf5 37. Nxf5 Rg5 38. Kh3 Qf7 39. Rg2 Qg8 40. e5 fxe5 41. Qxe5 Rd7 42. Qf6 Rd6 43. Nxd6 cxd6 44. Qxd6 Qe8 45. Rf1 Qe3+ 46. Rg3 Qe8 47. Rf6 Rg6 48. hxg6+ Kh8 49. Rf8+ Qxf8 50. Qxf8# 1-0

[Event "3rd FIDE WCCC Blitz G10 2019"]
[Site "Minsk"]
[Date "2019.08.18"]
[Round "4.3"]
[White "Sidorenja, Milena"]
[Black "Ho, Ngoc Vy"]
[Result "0-1"]
[ECO "C44"]
[WhiteElo "1573"]
[BlackElo "1327"]
[Annotator "NA"]
[PlyCount "126"]
[EventDate "2019.08.18"]
[EventType "swiss"]
[EventCountry "BLR"]
[SourceTitle "playchess.com"]
[Source "ChessBase"]
[SourceQuality "1"]
[TimeControl "300+2"]

1. e4 e5 2. Nf3 Nc6 3. d4 exd4 4. c3 dxc3 5. Nxc3 Nf6 6. Bc4 Bc5 7. e5 d5 8. Bb3 Ne4 9. Nxe4 dxe4 10. Qxd8+ Nxd8 11. Ng5 Bf5 12. Bd2 O-O 13. Rc1 Bb6 14. O-O h6 15. Nh3 Nc6 16. Bc3 Rfe8 17. Nf4 Nxe5 18. Nd5 Nd3 19. Rcd1 Rad8 20. Ne3 Bg6 21. Nc4 Bc5 22. Ne3 b5 23. a3 Kh8 24. Ba2 f5 25. b4 Bb6 26. Nd5 f4 27. Nxb6 axb6 28. Bb1 e3 29. fxe3 fxe3 30. Bxd3 Bxd3 31. Rf7 e2 32. Re1 Rg8 33. Rxc7 Rdf8 34. h3 Rf1+ 35. Kh2 Bc4 36. Re7 Rxe1 37. Bxe1 Ra8 38. Bc3 Rxa3 39. Bxg7+ Kg8 40. Bd4 e1=Q 41. Rxe1 Rd3 42. Bg1 Rb3 43. Bxb6 Rxb4 44. Bc5 Rb3 45. Re8+ Kf7 46. Re7+ Kf6 47. Rb7 Bf1 48. Bd4+ Ke6 49. Rb6+ Kd5 50. Bg1 Rb2 51. Rg6 b4 52. Be3 b3 53. Bc1 Rc2 54. Bxh6 b2 55. Rg5+ Kc4 56. Rg4+ Kb3 57. Rg3+ Rc3 58. Rg4 b1=Q 59. Rg8 Qc2 60. Rb8+ Ka2 61. Ra8+ Ra3 62. Rxa3+ Kxa3 63. Bf4 Qxg2# 0-1

[Event "3rd FIDE WCCC Blitz G10 2019"]
[Site "Minsk"]
[Date "2019.08.18"]
[Round "4.4"]
[White "Loviagina, Dariana"]
[Black "Satanovskaia, Evgeniia"]
[Result "0-1"]
[ECO "A04"]
[WhiteElo "1421"]
[BlackElo "1399"]
[Annotator "NA"]
[PlyCount "94"]
[EventDate "2019.08.18"]
[EventType "swiss"]
[EventCountry "BLR"]
[SourceTitle "playchess.com"]
[Source "ChessBase"]
[SourceQuality "1"]
[TimeControl "300+2"]

1. Nf3 e6 2. b3 d5 3. Bb2 Nf6 4. e3 Be7 5. d4 c5 6. Bd3 Nc6 7. O-O O-O 8. Nbd2 cxd4 9. exd4 Bd7 10. Ne5 Rc8 11. f4 Nb4 12. Ndf3 Nxd3 13. Qxd3 Ne4 14. Nxd7 Qxd7 15. Ne5 Qc7 16. Rac1 f6 17. Ng4 Bd6 18. Qe3 Qf7 19. c4 Qg6 20. Nf2 Qf5 21. Nxe4 Qxe4 22. Qxe4 dxe4 23. Rce1 f5 24. Re3 Rfd8 25. Rg3 g6 26. Re3 Kf7 27. Bc3 Be7 28. Rd1 Bf6 29. Kf2 Rd7 30. Ke2 Rcd8 31. h3 Bxd4 32. Bxd4 Rxd4 33. Rxd4 Rxd4 34. g4 Kf6 35. g5+ Ke7 36. h4 e5 37. fxe5 Ke6 38. Rh3 Kxe5 39. h5 f4 40. hxg6 hxg6 41. Rh7 f3+ 42. Ke1 e3 43. Re7+ Kf4 44. Rf7+ Kg3 45. Rf6 e2 46. Rxf3+ Kxf3 47. c5 Rd1# 0-1

[Event "3rd FIDE WCCC Blitz G10 2019"]
[Site "Minsk"]
[Date "2019.08.18"]
[Round "4.5"]
[White "Klintsevich, Aliaksandra"]
[Black "Khamdamova, Afruza"]
[Result "0-1"]
[ECO "D52"]
[WhiteElo "1114"]
[BlackElo "1607"]
[Annotator "NA"]
[PlyCount "92"]
[EventDate "2019.08.18"]
[EventType "swiss"]
[EventCountry "BLR"]
[SourceTitle "playchess.com"]
[Source "ChessBase"]
[SourceQuality "1"]
[TimeControl "300+2"]

1. c4 Nf6 2. Nc3 e6 3. d4 d5 4. Bg5 Nbd7 5. Nf3 c6 6. e3 Qa5 7. a3 Ne4 8. Qc2 Nxg5 9. Nxg5 dxc4 10. Nge4 b5 11. Be2 Be7 12. O-O O-O 13. f4 Nf6 14. Rf3 Bb7 15. Nxf6+ Bxf6 16. Ne4 Qd8 17. Rh3 h6 18. Rf1 Be7 19. Rff3 f5 20. Nc5 Bxc5 21. dxc5 Qd5 22. Rfg3 Kh7 23. Qc3 Rf6 24. Bf3 Qxc5 25. b4 Qe7 26. Qe5 Rd8 27. Qc3 Rd3 28. Qc1 Qd7 29. Be2 Rd2 30. Bf3 c5 31. bxc5 Bxf3 32. Rxf3 Rd1+ 33. Qxd1 Qxd1+ 34. Rf1 Qd5 35. Rd1 Qxd1+ 36. Kf2 Qd2+ 37. Kf3 Rg6 38. Rg3 Qd5+ 39. Kf2 Qxc5 40. Kf3 c3 41. Kf2 c2 42. Kf3 c1=Q 43. Kf2 Rxg3 44. Kxg3 Q1xe3+ 45. Kh4 Qxf4+ 46. Kh3 Qg4# 0-1